 Seeded DCSS version 0.24.1-8-ga250c9d538 (webtiles) character file.

Game seed: 16822949236002016354, levelgen mode: deterministic

4564 Masnef the Covert (level 10, -5/56 (58) HPs)
             Began as an Octopode Enchanter on Apr 29, 2020.
             Was a Follower of Hepliaklqana.
             Slain by a hippogriff (7 damage)
             ... on level 9 of the Dungeon on Apr 30, 2020.
             The game lasted 00:30:38 (12319 turns).

Masnef the Covert (Octopode Enchanter)             Turns: 12319, Time: 00:30:38

HP:   -5/56 (58)    AC:  1    Str:  7    XL:     10   Next: 40%
MP:   11/16         EV: 16    Int: 20    God:    Hepliaklqana [*.....]
Gold: 525           SH:  0    Dex: 14    Spells: 9/17 levels left

rFire    . . .     SeeInvis .   j - +4 short sword (venom)
rCold    . . .     Gourm    .   (no shield)
rNeg     . . .     Faith    .   (helmet restricted)
rPois    .         Spirit   .   x - amulet of rage
rElec    .         Reflect  .   w - ring of flight
rCorr    .         Harm     .   (no ring)
MR       .....                  (no ring)
Stlth    +++++.....             (no ring)
HPRegen  0.18/turn              (no ring)
MPRegen  0.15/turn              (no ring)
                                (no ring)
                                (no ring)

@: no status effects
A: almost no armour, stealthy swim, amphibious, 8 rings, constrict 8, reduced
essence, camouflage 1, gelatinous body 1
a: Recall Ancestor, Ancestor Identity, Renounce Religion, Evoke Berserk Rage,
Evoke Flight


You were on level 9 of the Dungeon.
You worshipped Hepliaklqana.
Hepliaklqana was aware of your devotion.
You were hungry.

You visited 2 branches of the dungeon, and saw 10 of its levels.
You also visited: Sewer and Ossuary.

You collected 615 gold pieces.
You spent 90 gold pieces at shops.

Inventory:

Hand Weapons
 a - a +1 dagger
 j - a +4 short sword of venom (weapon)
 k - a +0 dagger of holy wrath
 u - a +1 hunting sling of freezing
Missiles
 g - a throwing net (quivered)
 v - 100 sling bullets
Jewellery
 w - a ring of flight (left tentacle)
 x - an amulet of rage (around mantle)
 K - an uncursed ring of positive energy {unknown}
Wands
 o - a wand of paralysis (8)
 H - a wand of digging (5)
 J - a wand of random effects (16)
Scrolls
 b - 3 scrolls of identify
 e - 3 scrolls of enchant armour
 f - 9 scrolls of remove curse
 h - 2 scrolls of amnesia
 i - 3 scrolls of enchant weapon
 q - 2 scrolls of random uselessness
 r - 2 scrolls of fear
 s - 9 scrolls of teleportation
 t - 2 scrolls of blinking
 y - a scroll of acquirement
 I - a scroll of fog
 L - a scroll of immolation {unknown}
 N - a scroll of magic mapping {unknown}
Potions
 d - a potion of degeneration {unknown}
 l - a potion of berserk rage
 m - a potion of resistance
 n - 2 potions of heal wounds
 p - 3 potions of might
 z - 2 potions of magic {unknown}
 A - 2 potions of brilliance
 B - a potion of haste
 C - 3 potions of flight
 D - 2 potions of curing {unknown}
 E - a potion of invisibility {unknown}
 F - a potion of agility {unknown}
 G - a potion of lignification {unknown}
Comestibles
 c - 9 rations


   Skills:
 * Level 4.3 Fighting
 * Level 9.6 Short Blades
 * Level 5.4 Dodging
 + Level 10.3 Stealth
 + Level 4.4 Spellcasting
 - Level 1.0 Conjurations
 - Level 5.0 Hexes
 + Level 0.8 Ice Magic


You had 9 spell levels left.
You knew the following spells:

 Your Spells              Type           Power        Failure   Level  Hunger
b - Ensorcelled Hibernat  Hex/Ice        ###...       5%          2    #......
c - Confuse               Hex            ###.....     4%          3    ###....
d - Dazzling Spray        Conj/Hex       ###...       11%         3    ###....

Your spell library contained the following spells:

 Spells                   Type           Power        Failure   Level  Hunger
 Corona                   Hex            ###....      1%          1    None
 Tukima's Dance           Hex            ###.....     4%          3    ###....
 Beastly Appendage        Tmut           #.....       12%         1    None
 Summon Small Mammal      Summ           #...         12%         1    None
 Summon Guardian Golem    Hex/Summ       ##......     13%         3    ###....
 Call Imp                 Summ           #.......     19%         2    #......
 Sticks to Snakes         Tmut           #.......     19%         2    #......
 Call Canine Familiar     Summ           #.......     36%         3    ###....
 Spider Form              Tmut/Pois      #.........   36%         3    ###....
 Ice Form                 Ice/Tmut       #.......     71%         4    ####...
 Summon Ice Beast         Ice/Summ       #.......     71%         4    ####...
 Summon Lightning Spire   Summ/Air       #.......     77%         4    ####...
 Blade Hands              Tmut           #.........   98%         5    ######.


Dungeon Overview and Level Annotations

Branches:
Dungeon (9/15)             Temple (1/1) D:7           Sewer (visited)
Ossuary (visited)
   Lair: D:8-11         Orc: D:9-12

Altars:
Ashenzari
Cheibriados
Dithmenos
Elyvilon
Fedhas
Gozag
Hepliaklqana
Kikubaaqudgha
Makhleb
Okawaru
Qazlal
Ru
Sif Muna
Trog
Uskayaw
Vehumet
Wu Jian
Xom
Yredelemnul
Zin
The Shining One

Shops:
D:7 ?   D:8 !


Innate Abilities, Weirdness & Mutations

You cannot wear most types of armour.
You are very stealthy in the water. (Stealth+)
You are amphibious.
You can wear up to eight rings at the same time.
You can use your tentacles to constrict eight enemies at once.
Your skin changes colour to match your surroundings (Stealth+).
Your rubbery body absorbs attacks. (AC +1, EV +1)
Your life essence is reduced to manifest your ancestor. (-10% HP)


Message History

Aiming: Confuse (safe; 4% risk of failure)
Press: ? - help, Shift-Dir - straight line, f/p - hippogriff
Aim: a hippogriff (chance to defeat MR: 50%)
The hippogriff resists with some effort.
The hippogriff bites you!
* * * LOW HITPOINT WARNING * * *
The hippogriff pecks you.
* * * LOW HITPOINT WARNING * * *
The hippogriff claws you.
* * * LOW HITPOINT WARNING * * *
Kano completely misses the hippogriff.
Kano barely misses the hippogriff.
Kano hits the hippogriff!
Found a long sword.
An ogre comes into view. It is wielding a +0 giant club.
A water moccasin comes into view.
The hippogriff bites you.
* * * LOW HITPOINT WARNING * * *
The hippogriff completely misses you. The hippogriff claws you!
You die...

##<..###... #.........#
#.$S...... ..........#
#......... #......./.##
##........
...........###.......#
...%................#
....................#
....................##
................@....###
.....###......RH.....)..
##..## ##.............O.
#..# #...............
##..## ##...<...........
.....###................
.....................###
....................##
....................#


You could see the friendly Kano the ancestor, a hippogriff, a water moccasin
(sleeping) and an ogre (sleeping).

Vanquished Creatures
  Pikel (D:6)
  2 hornets (D:8)
  A hippogriff (D:7)
  3 ice beasts
  2 sky beasts
  4 necrophages (D:6)
  2 phantoms
  3 ogres
  2 centaurs
  A big kobold (Sewer)
  A bullfrog (D:6)
  A scorpion (D:5)
  A water moccasin skeleton (D:4)
  4 wights
  3 howler monkeys
  3 crimson imps
  A centaur zombie (D:8)
  3 hounds
  3 jellies
  4 orc priests
  2 centaur skeletons
  2 bullfrog skeletons
  2 iguanas
  10 orc wizards
  5 worker ants
  2 big kobold zombies (Ossuary)
  A hound zombie (D:6)
  8 mummies (Ossuary)
  A howler monkey zombie (D:6)
  7 gnolls
  10 adders
  2 river rats (Sewer)
  2 shadow imps
  3 oozes
  2 worms
  3 dart slugs
  3 leopard geckos
  27 orcs
  4 bats
  5 giant cockroaches
  9 goblins
  8 hobgoblins
  12 jackals
  11 kobolds
  7 quokkas
  3 ball pythons
  3 frilled lizards (D:3)
  3 hobgoblin zombies (Ossuary)
  3 jackal skeletons (D:5)
  A jackal zombie (D:5)
  3 orc zombies (Ossuary)
  A quokka skeleton (D:4)
  A quokka zombie (D:6)
  10 rats
  A bush (D:6)
222 creatures vanquished.

Vanquished Creatures (collateral kills)
  A big kobold (D:7)
  2 wights (D:8)
  2 orcs (D:7)
5 creatures vanquished.

Vanquished Creatures (others)
  2 ancestors
  3 plants (D:6)
5 creatures vanquished.

Grand Total: 232 creatures vanquished

Notes
Turn   | Place    | Note
-------+----------+-------------------------------------------
     0 | D:1      | Masnef the Octopode Enchanter began the quest for the Orb.
     0 | D:1      | Reached XP level 1. HP: 11/11 MP: 3/3
    63 | D:1      | Reached XP level 2. HP: 17/17 MP: 5/5
    70 | D:1      | Learned a level 2 spell: Ensorcelled Hibernation
   545 | D:1      | Reached XP level 3. HP: 4/21 MP: 0/6
   791 | D:1      | Learned a level 3 spell: Confuse
  1483 | D:2      | Found an ornate altar of the Wu Jian Council.
  1495 | D:2      | Reached XP level 4. HP: 27/27 MP: 0/7
  1635 | D:2      | Reached XP level 5. HP: 17/31 MP: 4/8
  2291 | D:2      | Found a shimmering blue altar of Sif Muna.
  2324 | D:2      | Found a burning altar of Makhleb.
  2980 | D:3      | Reached skill level 5 in Stealth
  3097 | D:3      | Reached XP level 6. HP: 36/36 MP: 2/9
  3105 | D:3      | Learned a level 3 spell: Dazzling Spray
  3162 | D:3      | Reached skill level 5 in Short Blades
  3670 | D:4      | Reached skill level 6 in Stealth
  3846 | D:4      | Noticed a phantom
  3877 | D:4      | Killed a phantom
  3877 | D:4      | Reached XP level 7. HP: 13/42 MP: 2/10
  4640 | D:5      | Entered Level 5 of the Dungeon
  4642 | D:5      | Found an iron altar of Okawaru.
  4701 | D:5      | Found a white marble altar of Elyvilon.
  4707 | D:5      | Reached skill level 1 in Fighting
  4814 | D:5      | Reached skill level 7 in Stealth
  5280 | D:5      | Reached XP level 8. HP: 19/48 MP: 6/11
  5500 | D:5      | Found a stormy altar of Qazlal.
  5889 | D:5      | You fall into a shaft and drop 3 floors!
  5908 | D:8      | Identified a scroll of acquirement
  5994 | D:8      | Reached skill level 1 in Conjurations
  6036 | D:8      | Found a sand-covered staircase.
  6040 | Ossuary  | Entered an ossuary
  6297 | Ossuary  | Reached skill level 8 in Stealth
  7109 | D:7      | Found Xehax's Magic Scroll Shoppe.
  7118 | D:7      | Bought a scroll of teleportation for 45 gold pieces
  7118 | D:7      | Bought a scroll of teleportation for 45 gold pieces
  7315 | D:6      | Found a glowing drain.
  7336 | Sewer    | Entered a sewer
  7632 | Sewer    | Found a glowing silver altar of Zin.
  7685 | D:6      | Reached XP level 9. HP: 39/54 MP: 3/13
  8272 | D:6      | Reached skill level 9 in Stealth
  9308 | D:6      | Found a blossoming altar of Fedhas.
  9708 | D:7      | Found a staircase to the Ecumenical Temple.
  9718 | Temple   | Entered the Ecumenical Temple
 10074 | Temple   | Became a worshipper of Hepliaklqana the Forgotten
 10392 | D:7      | Noticed Pikel
 10402 | D:7      | Reached XP level 10. HP: 10/54 MP: 2/15
 10871 | D:6      | Killed Pikel
 10871 | D:6      | Reached skill level 5 in Dodging
 10871 | D:6      | Reached skill level 10 in Stealth
 11238 | D:7      | Found a shattered altar of Ashenzari.
 11241 | D:7      | Found a snail-covered altar of Cheibriados.
 11244 | D:7      | Found an ancient bone altar of Kikubaaqudgha.
 11581 | D:8      | Reached skill level 5 in Hexes
 11620 | D:8      | You fall into a shaft and drop 1 floor!
 11711 | D:8      | Reached * piety under Hepliaklqana
 11864 | D:8      | Found a shadowy altar of Dithmenos.
 11947 | D:8      | Found Ydunu's Distillery.
 12026 | D:8      | Noticed an angel
 12027 | D:8      | Found a glowing silver altar of Zin.
 12319 | D:9      | HP: 2/56 [hippogriff (4)]
 12319 | D:9      | Slain by a hippogriff

Levels and vault maps discovered:
D:1:      grunt_arrival_lava_bath, layout_basic
D:2:      layout_basic, lemuel_round_altar, old_standard_altar,
          lemuel_doored_altar
D:3:      layout_basic, first_ration
D:4:      wad_woods_tower, layout_basic
D:5:      layout_basic, old_standard_altar, lemuel_round_altar, okawaru_trees_2,
          serial_rivers, chequers_serial_rivers_room_b,
          chequers_serial_rivers_room_a, chequers_serial_rivers_marsh,
          chequers_serial_rivers_room_b, chequers_serial_rivers_small_b
D:6:      layout_loops_corners, fedhas_altar_decomposition,
          portal_sewer_entry_d, kennysheep_generic_room_8
D:7:      cheibrodos_quashed, layout_loops_ring, grunt_temple_overflow_diamond,
          minmay_temple_entry_tees, serial_shops, shop, uniq_pikel
D:8:      layout_basic, old_standard_altar, zin_angel, serial_shops,
          nicolae_shop_waterfront, nicolae_ossuary_entry_plus
D:9:      layout_big_octagon, lemuel_crystal_altar, uniq_erolcha
Temple:   compressed_dpeg_triangle_lava_temple

Skill      XL: |  1  2  3  4  5  6  7  8  9 10 |
---------------+-------------------------------+-----
Short Blades   | 2 3 4 5 6 7 9 |  9.6
Stealth        | 5 6 7 8 9 10 | 10.3
Fighting       | 1 2 3 4 |  4.3
Dodging        | 3 4 5 |  5.4
Conjurations   | 1 |  1.0
Hexes          | 4 5 |  5.0
Spellcasting   | 3 4 |  4.4
Ice Magic      | |  0.8

Action                   |  1- 3 |  4- 6 |  7- 9 | 10-12 || total
-------------------------+-------+-------+-------+-------++-------
Melee: Dagger            |    72 |    53 |    31 |       ||   156
       Constrict         |    11 |    26 |    64 |    10 ||   111
       Tentacles         |     6 |    13 |    67 |     8 ||    94
       Short sword       |       |    93 |   346 |    58 ||   497
 Cast: Ensorcelled Hiber |     4 |    19 |    11 |     1 ||    35
       Corona            |     1 |       |       |       ||     1
       Confuse           |       |     3 |    12 |    15 ||    30
       Dazzling Spray    |       |       |    13 |     3 ||    16
Invok: Recall Ancestor   |       |       |     1 |       ||     1
       Ancestor Identity |       |       |     1 |       ||     1
  Use: Scroll            |       |     1 |    14 |       ||    15
       Potion            |       |       |     2 |       ||     2
 Stab: Sleeping          |    11 |    19 |    28 |     6 ||    64
       Confused          |       |       |     5 |     4 ||     9
       Distracted        |       |       |     3 |       ||     3
       Invisible         |       |       |     2 |       ||     2
  Eat: Chunk             |     1 |     6 |    21 |     3 ||    31
       Ration            |       |     1 |     1 |     1 ||     3
Armor: Skin              |     6 |     7 |     8 |     1 ||    22
Dodge: Dodged            |    38 |    71 |   132 |    32 ||   273
